 Dungeon Crawl Stone Soup version 0.29-a0-838-g385bb11a5b (webtiles) character file.

Game seed: 11596475535099748844

822 gruber the Destroyer (level 7, -1/36 HPs)
             Began as a Tengu Conjurer on July 13, 2022.
             Was a Follower of Vehumet.
             Succumbed to a water moccasin's poison
             ... on level 6 of the Dungeon.
             The game lasted 00:03:25 (5339 turns).

gruber the Destroyer (Tengu Conjurer)               Turns: 5339, Time: 00:03:25

Health: -1/36      AC:  5    Str:  7    XL:     7   Next: 95%
Magic:  1/12       EV: 14    Int: 20    God:    Vehumet [*.....]
Gold:   165        SH:  0    Dex: 13    Spells: 9/12 levels left

rFire   . . .      SeeInvis .   e - +1 short sword (venom)
rCold   . . .      Faith    .   (no shield)
rNeg    . . .      Spirit   .   a - +0 robe
rPois   +          Reflect  .   l - +2 hat
rElec   .          Harm     .   w - scarf {+Inv}
rCorr   .          Rampage  .   y - +0 pair of gloves
Will    .....                   (boots unavailable)
Stlth   ++........              (no amulet)
HPRegen 0.12/turn               p - ring of poison resistance
MPRegen 0.13/turn               (no ring)

@: lethally poisoned (-1 -> -11), flying quickly and evasively, quick
A: beak, talons 3, nimble flight
a: Renounce Religion, Evoke Invisibility


You were on level 6 of the Dungeon.
You worshipped Vehumet.
Vehumet was aware of your devotion.
You visited 1 branch of the dungeon, and saw 6 of its levels.

You collected 165 gold pieces.

Inventory:

Hand Weapons
 e - a +1 short sword of venom (weapon)
Missiles
 v - 2 throwing nets
Armour
 a - a +0 robe (worn)
 l - a +2 hat (worn)
 w - a scarf of invisibility (worn)
 y - a +0 pair of gloves (worn)
Jewellery
 p - a ring of poison resistance (left hand)
 u - an amulet of faith
Wands
 x - a wand of mindburst (9)
 z - a wand of iceblast (10)
 A - a wand of quicksilver (8)
 B - a wand of flame (13)
Scrolls
 g - 2 scrolls of teleportation {unknown}
 j - a scroll of enchant weapon {unknown}
 k - a scroll of immolation {unknown}
 n - 2 scrolls of magic mapping {unknown}
 q - 7 scrolls of identify {unknown}
 s - a scroll of fog {unknown}
 D - a scroll of acquirement {unknown}
 E - a scroll of fear {unknown}
Potions
 b - 2 potions of magic
 c - a potion of berserk rage {unknown}
 d - a potion of lignification {unknown}
 f - 2 potions of heal wounds {unknown}
 h - 3 potions of curing {unknown}
 i - a potion of flight {unknown}
 m - 2 potions of degeneration {unknown}
 o - 2 potions of resistance {unknown}
 r - 3 potions of haste {unknown}
 t - a potion of might {unknown}
 C - a potion of brilliance {unknown}
 F - a potion of invisibility {unknown}


   Skills:
 - Level 3.2 Short Blades
 - Level 2.1 Dodging
 - Level 2.0 Stealth
 - Level 3.0 Spellcasting
 + Level 11.2 Conjurations


You had 9 spell levels left.
You knew the following spells:

 Your Spells              Type           Power      Damage    Failure   Level
a - Magic Dart            Conj           100%       1d8       1%          1
b - Searing Ray           Conj           94%        2d7       1%          2

Your spell library contained the following spells:

 Spells                   Type           Power      Damage    Failure   Level
 Sandblast                Erth           6%         2d5       14%         1
 Dazzling Flash           Conj/Hex       50%        N/A       4%          3
 Fulminant Prism          Conj/Hex       12%        3d9       14%         4
 Iskenderun's Mystic Bla  Conj/Tloc      25%        2d7       14%         4
 Tukima's Dance           Hex            3%         N/A       38%         3
 Passage of Golubria      Tloc           3%         N/A       80%         4
 Yara's Violent Unravell  Hex/Tmut       1%         3d3       98%         5


Dungeon Overview and Level Annotations

Branches:
Dungeon (6/15)
 Temple: D:4-7

Altars:
Ashenzari
Hepliaklqana
Sif Muna
Uskayaw
Vehumet
Zin

Shops:
D:5 (


Innate Abilities, Weirdness & Mutations

You have a beak for a mouth.
You have claws for feet.
Your magical nature lets you fly swiftly and evasively.


Message History

Casting: Searing Ray (safe; 1% risk of failure)
Confirm with . or Enter, or press ? or * to list all spells.
Aiming: Searing Ray (safe; 1% risk of failure)
Press: ? - help, Shift-Dir - straight line, f/p - water moccasin
Aim: a water moccasin (moderately wounded, 70% to hit)
The searing ray hits the water moccasin.
The water moccasin is heavily wounded. (Press . to maintain the ray.)
You feel very sick. The adder misses you. The water moccasin bites you.
The adder bites you but does no damage.
The searing ray hits the water moccasin!
The water moccasin is almost dead.
* * * LOW HITPOINT WARNING * * *
You feel very sick.
The water moccasin bites you but does no damage.
The adder closely misses you. The water moccasin barely misses you.
Unknown command.
Unknown command.
The searing ray hits the water moccasin!
You kill the water moccasin!
Vehumet accepts your kill.
* * * LOW HITPOINT WARNING * * *
You feel very sick. The adder bites you.
* * * LOW HITPOINT WARNING * * *
Your Conjurations skill increases to level 11!
Unknown command.
Casting: Searing Ray (safe; 1% risk of failure)
Confirm with . or Enter, or press ? or * to list all spells.
Restarting spell: Searing Ray (safe; 1% risk of failure)
Press: ? - help, Shift-Dir - straight line, f - adder
Aim: an adder (70% to hit)
The searing ray misses the adder. (Press . to maintain the ray.)
* * * LOW HITPOINT WARNING * * *
You feel very sick. The adder barely misses you.
The searing ray misses the adder.
You die...

##################
..................
...^..............
.........?........
..................
..................
....###+##S############
. #......@...........
#..................
#..............[...
#...#######...##..
#...##...##...#
#.).+.........#
##...#.........#
#....#.........#
+....##...##...#


You could see an adder.

Vanquished Creatures
  Grinder (D:6)
  A water moccasin (D:6)
  A black bear (D:5)
  A scorpion (D:4)
  2 hounds
  An orc priest (D:3)
  2 jellies
  An iguana (D:6)
  An orc wizard (D:3)
  3 gnolls (D:4)
  3 adders
  2 white imps
  An ufetubus (D:4)
  A worm (D:4)
  11 orcs
  6 endoplasms
  3 giant cockroaches (D:4)
  6 hobgoblins
  11 jackals
  2 quokkas
  5 ball pythons
  5 bats
  2 frilled lizards (D:1)
  5 goblins
  9 kobolds
  2 rats (D:1)
88 creatures vanquished.

Notes
Turn   | Place    | Note
-------+----------+-------------------------------------------
     0 | D:1      | gruber the Tengu Conjurer began the quest for the Orb.
     0 | D:1      | Reached XP level 1. HP: 10/10 MP: 4/4
   276 | D:1      | Reached XP level 2. HP: 15/15 MP: 4/6
   323 | D:1      | Reached skill level 6 in Conjurations
   679 | D:1      | Reached XP level 3. HP: 19/19 MP: 7/7
  1792 | D:2      | You fall into a shaft and drop 2 floors!
  1814 | D:3      | Found a glowing silver altar of Zin.
  2033 | D:3      | Reached XP level 4. HP: 21/24 MP: 0/8
  2033 | D:3      | Found a faded altar of an unknown god.
  2581 | D:3      | Found a radiant altar of Vehumet.
  2604 | D:3      | Became a worshipper of Vehumet
  2608 | D:3      | Learned a level 2 spell: Searing Ray
  2626 | D:3      | Identified the +2 helmet "Kagucs" {Int+2}
  2658 | D:3      | Reached skill level 1 in Short Blades
  2756 | D:3      | Found a hazy altar of Hepliaklqana.
  2762 | D:3      | Reached skill level 7 in Conjurations
  2803 | D:3      | Found a faded altar of an unknown god.
  2962 | D:3      | Gained mutation: Your magical nature lets you fly swiftly
                  | and evasively. [Tengu growth]
  2962 | D:3      | Reached XP level 5. HP: 26/28 MP: 1/10
  3262 | D:4      | Reached skill level 8 in Conjurations
  3262 | D:4      | Reached XP level 6. HP: 28/32 MP: 3/11
  4117 | D:5      | Entered Level 5 of the Dungeon
  4131 | D:5      | Found a hide-covered altar of Uskayaw.
  4211 | D:5      | Found Upoke's Weapon Shop.
  4233 | D:5      | Reached skill level 9 in Conjurations
  4291 | D:5      | Found a broken altar of Ashenzari.
  4311 | D:5      | Noticed a black bear
  4318 | D:5      | Killed a black bear
  4319 | D:5      | Reached XP level 7. HP: 36/36 MP: 4/12
  4753 | D:5      | Reached * piety under Vehumet
  4753 | D:5      | Offered knowledge of Sandblast by Vehumet.
  4925 | D:5      | Found a shimmering blue altar of Sif Muna.
  5112 | D:6      | Noticed Grinder
  5117 | D:6      | Paralysed by Grinder for 4 turns
  5126 | D:6      | Killed Grinder
  5127 | D:6      | Reached skill level 10 in Conjurations
  5338 | D:6      | Reached skill level 11 in Conjurations
  5338 | D:6      | HP: 1/36 [poisoned by a water moccasin]
  5339 | D:6      | Succumbed to a water moccasin's poison

Illustrated notes

Levels and vault maps discovered:
D:1:      minmay_arrival_loop, layout_basic, minmay_pentomino_q2
D:2:      layout_loops_ring, basic_altar, st_stairs_1, uniq_terence, uniq_robin,
          uniq_jessica
D:3:      layout_basic, beargit_hepliaklqana_dungeon_heroes,
          nicolae_vehumet_altar_sigil, mainiacjoe_overflow_cross_hatched,
          hellmonk_ecumenical_altar_pennies_from_heaven
D:4:      layout_basic, kennysheep_opposing_triangles
D:5:      layout_basic, ashenzari_conservatory_becter,
          nicolae_sif_muna_little_library, mainiacjoe_overflow_tiny_flanked,
          serial_shops, nicolae_shop_bloodbath_and_beyond
D:6:      layout_gridville, nicolae_overflow_squiral, jmf_multi_god_temple2,
          uniq_grinder, uniq_menkaure

Skill      XL: |  1  2  3  4  5  6  7 |
---------------+----------------------+-----
Conjurations   | 6 7 8 9 11 | 11.2
Short Blades   | 1 2 3 |  3.2
Spellcasting   | 3 |  3.0
Dodging        | |  2.1
Stealth        | |  2.0

Action                   |  1- 3 |  4- 6 |  7- 9 || total
-------------------------+-------+-------+-------++-------
Melee: Unarmed           |     3 |       |       ||     3
       Peck              |     5 |     3 |     1 ||     9
       Short sword       |    57 |    23 |     2 ||    82
       Kick              |    18 |     6 |       ||    24
       Punch             |     1 |       |       ||     1
 Cast: Magic Dart        |    29 |    62 |     5 ||    96
       Searing Ray       |       |     9 |     7 ||    16
 Stab: Sleeping          |     4 |     1 |       ||     5
Armor: Robe              |    21 |     8 |     2 ||    31
Dodge: Dodged            |    48 |    27 |    12 ||    87

Table legend: (Time is in decaauts)
 A = Elapsed time spent in this place.
 B = Non-inter-level travel time spent in this place.
 C = Inter-level travel time spent in this place.
 D = Time resting spent in this place.
 E = Time spent auto-exploring this place.
 F = Levels seen in this place.
 G = Mean time per level.
                   A        B        C        D        E       F      G
               +--------+--------+--------+--------+--------+-----+--------+
         Total |   5209 |   5028 |    181 |      0 |   4494 |   6 |  868.2 |
       Dungeon |   5209 |   5028 |    181 |      0 |   4494 |   6 |  868.2 |
               +--------+--------+--------+--------+--------+-----+--------+

Top non-repeatable levels by time:
     D:1: 1666 daAuts
     D:3: 1269 daAuts
     D:4: 998 daAuts
     D:5: 882 daAuts
     D:6: 264 daAuts
     D:2: 128 daAuts
